 Dungeon Crawl Stone Soup version 0.30-a0-528-g8c47a4955b (webtiles) character file.

Game seed: 15928824549253861303

4209 vineage the Fighter (level 10, -3/75 HPs)
             Began as a Gargoyle Fighter on Dec 23, 2022.
             Was a Believer of Okawaru.
             Killed by divine providence
             ... invoked by an orc priest
              (15 damage)
             ... on level 8 of the Dungeon.
             The game lasted 00:06:17 (7600 turns).

vineage the Fighter (Gargoyle Fighter)              Turns: 7600, Time: 00:06:18

Health: -3/75      AC:  2    Str: 24    XL:     10   Next: 29%
Magic:  10/10      EV: 10    Int:  9    God:    Okawaru [**....]
Gold:   504        SH:  6    Dex:  9    Spells: 9/9 levels left

rFire   + + +      SeeInvis .    J - +3 mace of Tetwesal {venom, Fragile rElec rF++ rC+++}
rCold   + + +      Faith    .    c - +1 buckler
rNeg    + . .      Spirit   .    s - +0 scale mail
rPois   ∞          Reflect  .    (no helmet)
rElec   +          Harm     .    (no cloak)
rCorr   +          Rampage  .    (no gloves)
Will    .....                    (no boots) Stlth
                                 (no amulet)
HPRegen 0.32/turn                D - +4 ring of slaying
MPRegen 0.12/turn                y - ring of wizardry

@: resistant, corroded
A: sickness immunity, AC +7, negative energy resistance 1, electricity
resistance, torment resistance 1, petrification resistance
a: Renounce Religion, Heroism


You were on level 8 of the Dungeon.
You worshipped Okawaru.
Okawaru was pleased with you.
You visited 2 branches of the dungeon, and saw 9 of its levels.

You collected 504 gold pieces.

Inventory:

Hand Weapons
 a - a +1 flail
 o - the +5 rapier of Cowardice {drain, Dex+4}
   (You found it on level 2 of the Dungeon)

   A truly terrible weapon, it drains the life of any living foe it strikes.
   Dex:       It affects your dexterity (+4).
 z - a +2 flail of freezing
 J - the +3 mace of Tetwesal (weapon) {venom, Fragile rElec rF++ rC+++}
   (You found it on level 8 of the Dungeon)

   It poisons the flesh of those it strikes.
   rF:        It greatly protects you from fire.
   rC:        It renders you almost immune to cold.
   rElec:     It insulates you from electricity.
   Fragile:   It will be destroyed if unequipped.
Armour
 b - a +0 scale mail
 c - a +1 buckler (worn)
 s - a +0 scale mail (worn)
Jewellery
 m - a ring of fire
 q - an amulet of guardian spirit
 y - a ring of wizardry (right hand)
 D - a +4 ring of slaying (left hand)
Wands
 d - a wand of charming (11)
 n - a wand of flame (17)
 r - a wand of light (18)
 E - a wand of iceblast (12)
 I - a wand of polymorph (6)
Scrolls
 e - 2 scrolls of fear
 f - 7 scrolls of teleportation
 g - a scroll of enchant armour
 i - a scroll of vulnerability
 j - 4 scrolls of magic mapping
 t - a scroll of poison
 C - 2 scrolls of identify
 G - a scroll of enchant weapon
Potions
 h - a potion of resistance
 k - 3 potions of cancellation
 l - 2 potions of flight
 p - 3 potions of curing
 u - a potion of haste
 v - a potion of attraction {unknown}
 w - a potion of degeneration {unknown}
 x - a potion of lignification {unknown}
 A - 2 potions of heal wounds
 B - a potion of might
 F - 3 potions of brilliance
 H - a potion of mutation {unknown}


   Skills:
 + Level 14.0 Fighting
 + Level 2.1 Maces & Flails
 + Level 5.7 Armour
 + Level 3.2 Dodging
 + Level 5.6 Shields


You had 9 spell levels left.
You didn't know any spells.
Your spell library contained the following spells:

 Spells                   Type           Power      Damage    Failure   Level
 Apportation              Tloc           0%         N/A       41%         1
 Necrotise                Necr           0%         1d4       41%         1
 Sandblast                Erth           0%         2d4       41%         1
 Blink                    Tloc           0%         N/A       54%         2
 Momentum Strike          Conj/Tloc      0%         3d8       54%         2
 Passwall                 Tmut/Erth      0%         N/A       54%         2
 Gell's Gravitas          Tloc           0%         N/A       77%         3
 Lesser Beckoning         Tloc           0%         N/A       77%         3
 Stone Arrow              Conj/Erth      0%         3d7       77%         3
 Teleport Other           Tloc           0%         N/A       77%         3
 Dispersal                Tloc           0%         N/A       100%        6
 Summon Small Mammal      Summ           Unusable   N/A       N/A         1

Dungeon Overview and Level Annotations

Branches:
Dungeon (8/15)             Temple (1/1) D:7            Lair (0/5) D:8

Altars:
Ashenzari
Cheibriados
Dithmenos
Elyvilon
Fedhas
Gozag
Hepliaklqana
Kikubaaqudgha
Makhleb
Nemelex Xobeh
Okawaru
Qazlal
Ru
Sif Muna
Trog
Uskayaw
Vehumet
Wu Jian
Xom
Yredelemnul
Zin
The Shining One

Annotations:
D:8 3 runed translucent doors, Sapher's ghost, novice DEEE


Innate Abilities, Weirdness & Mutations

You are immune to sickness and miasma.
Your stone body is resilient. (AC +7)
You are immune to poison.
You resist negative energy. (rN+)
You are resistant to electric shocks. (rElec)
You are resistant to unholy torment.
You are immune to petrification.


Message History

Beogh smites you!
* * * LOW HITPOINT WARNING * * *
You feel much better. The acid dragon completely misses you.
The acid dragon claws you.
* * * LOW HITPOINT WARNING * * *
You feel protected. You block the acid dragon's attack. x2
You hit the acid dragon but do no damage.
The acid dragon is almost dead.
The acid dragon bites you.
* * * LOW HITPOINT WARNING * * *
You block the acid dragon's attack. The acid dragon closely misses you.
You block the acid dragon's attack.
You closely miss the acid dragon.
The acid dragon is almost dead.
You block the acid dragon's attack. The acid dragon claws you.
* * * LOW HITPOINT WARNING * * *
You barely miss the acid dragon.
The acid dragon is almost dead.
The acid dragon bites you but does no damage.
You block the acid dragon's attack.
The orc priest looks braver for a moment.
You hit the acid dragon.
The acid dragon is poisoned.
The acid dragon is almost dead.
You kill the acid dragon!
Okawaru accepts your kill.
The orc priest looks encouraged for a moment.
You hit the orc priest but do no damage.
The orc priest invokes the aid of Beogh against you.
Beogh smites you!
* * * LOW HITPOINT WARNING * * *
You hit the orc priest but do no damage.
The orc priest is poisoned.
You block the orc priest's attack.
You hit the orc priest.
The orc priest looks as sick as possible!
The orc priest is moderately wounded.
The orc priest barely misses you.
The orc priest invokes the aid of Beogh against you.
Beogh smites you!
You die...

.....^##......##.#.#............#
......#.......##.#...#..........#
.....................#.....####.#
#.##.#########.................>#
#....#.......#...........#.####.#
###.z##.._..##.#.#######.#.####.#
#..P.........#o# ####.#......#
#..o......P..#o# #....######.#
#...P.###....#@# #.#### #.# #
###..P.#.......####'#### #.# #
#............#.......######.# #
##.......#..##.#..........#.. #
###...###..##.#....#._.#.#.# #
##### #..##.#............# #
#######..##<#####....##..#
########....##..###### #........#
#.....##.##.##....).<# ###+++##.#


You could see 2 orc priests.

Vanquished Creatures
  A rime drake (D:8)
  A polar bear (D:8)
  A wyvern (D:7)
  Edmund (D:5)
  An acid dragon (D:8)
  2 water moccasins (D:6)
  5 sky beasts
  2 black bears (D:6)
  8 ice beasts
  An ogre (D:5)
  3 wolves (D:8)
  The ghost of gabibbone the Trooper, an amateur OpFi (D:3)
  2 centaurs
  2 kobold brigands
  2 bullfrogs (D:8)
  2 necrophages
  3 scorpions (D:5)
  3 wights (D:8)
  A howler monkey (D:4)
  4 hounds
  An orc priest (D:8)
  An iguana (D:5)
  2 orc wizards (D:8)
  11 adders
  4 gnolls (D:6)
  2 shadow imps (D:6)
  A white imp (D:6)
  An ufetubus (D:6)
  3 worms (D:2)
  4 dart slugs
  13 orcs
  5 endoplasms
  A giant cockroach (D:1)
  7 goblins
  4 hobgoblins
  5 jackals
  15 kobolds
  A quokka (D:1)
  9 ball pythons
  6 bats
  2 frilled lizards (D:1)
  3 rats
147 creatures vanquished.

Vanquished Creatures (others)
  2 fungi (D:3)
  4 plants
  6 withered plants (D:8)
12 creatures vanquished.

Grand Total: 159 creatures vanquished

Notes
Turn   | Place    | Note
-------+----------+-------------------------------------------
     0 | D:1      | vineage the Gargoyle Fighter began the quest for the Orb.
     0 | D:1      | Reached XP level 1. HP: 14/14 MP: 1/1
    71 | D:1      | Reached skill level 4 in Fighting
    71 | D:1      | Reached XP level 2. HP: 7/20 MP: 2/2
   274 | D:1      | Reached XP level 3. HP: 24/24 MP: 3/3
   322 | D:1      | Found a faded altar of an unknown god.
   394 | D:1      | You fall into a shaft and drop 1 floor!
   560 | D:2      | Identified the +5 rapier of Cowardice {drain, Dex+4}
   582 | D:2      | Reached skill level 5 in Fighting
   715 | D:2      | Reached XP level 4. HP: 31/31 MP: 4/4
  1662 | D:3      | Reached skill level 6 in Fighting
  1731 | D:3      | Found a runed translucent gate.
  1731 | D:3      | Found a runed translucent gate.
  1731 | D:3      | Noticed gabibbone's ghost (amateur OpFi)
  1732 | D:3      | Found a runed translucent gate.
  1732 | D:3      | Noticed a kobold brigand
  2020 | D:3      | Killed a kobold brigand
  2021 | D:3      | Reached XP level 5. HP: 29/37 MP: 5/5
  2030 | D:3      | Killed gabibbone's ghost
  2031 | D:3      | Reached skill level 7 in Fighting
  2031 | D:3      | Reached XP level 6. HP: 38/44 MP: 6/6
  2785 | D:5      | Entered Level 5 of the Dungeon
  2791 | D:5      | Reached skill level 8 in Fighting
  2796 | D:5      | Noticed a sky beast
  2805 | D:5      | Killed a sky beast
  2806 | D:5      | Reached XP level 7. HP: 50/50 MP: 7/7
  2827 | D:5      | Reached skill level 9 in Fighting
  3551 | D:5      | Reached skill level 10 in Fighting
  3645 | D:5      | Noticed Edmund
  3675 | D:5      | Killed Edmund
  3676 | D:5      | Reached XP level 8. HP: 12/58 MP: 8/8
  4122 | D:6      | Reached skill level 11 in Fighting
  4303 | D:6      | Reached skill level 12 in Fighting
  4377 | D:6      | Reached XP level 9. HP: 58/66 MP: 9/9
  4474 | D:6      | Found a sacrificial altar of Ru.
  4870 | D:7      | Reached skill level 13 in Fighting
  5368 | D:7      | Found a staircase to the Ecumenical Temple.
  5410 | Temple   | Entered the Ecumenical Temple
  5542 | Temple   | Became a worshipper of Warmaster Okawaru
  6382 | D:8      | Reached skill level 1 in Dodging
  6408 | D:8      | Noticed a rime drake
  6422 | D:8      | Killed a rime drake
  6422 | D:8      | Reached * piety under Okawaru
  6755 | D:8      | Noticed a polar bear
  6768 | D:8      | Killed a polar bear
  6769 | D:8      | Reached skill level 5 in Armour
  6769 | D:8      | Reached skill level 5 in Shields
  6769 | D:8      | Reached XP level 10. HP: 23/74 MP: 10/10
  6939 | D:8      | Found a staircase to the Lair.
  7042 | D:8      | Found an ancient bone altar of Kikubaaqudgha.
  7101 | D:8      | Reached ** piety under Okawaru
  7304 | D:8      | Found a runed translucent gate.
  7305 | D:8      | Noticed Sapher's ghost (novice DEEE)
  7305 | D:8      | Noticed a ten-headed hydra
  7306 | D:8      | Found a hazy altar of Hepliaklqana.
  7306 | D:8      | Found a runed translucent gate.
  7306 | D:8      | Found a runed translucent gate.
  7509 | D:8      | Reached skill level 14 in Fighting
  7510 | D:8      | Identified the +3 mace of Tetwesal {venom, Fragile rElec
                  | rF++ rC+++}
  7591 | D:8      | HP: 1/75 [orc priest/divine providence (11)]
  7600 | D:8      | Killed from afar by an orc priest

Illustrated notes

Levels and vault maps discovered:
D:1:      dpeg_arrival_court, layout_basic, ebering_ecumenical_altar_abandoned
D:2:      wad_river_or_something, layout_basic, serial_curves, eino_curves_02,
          eino_curves_02, eino_curves_04, minmay_octomino_j4
D:3:      layout_basic, gammafunk_ghost_nasty_kobolds
D:4:      layout_basic
D:5:      layout_loops_ring, uniq_edmund
D:6:      layout_rooms, nicolae_ru_awakened_eye, minmay_fractal_squares_5
D:7:      layout_layer_cave, minmay_temple_entry_trees, kennysheep_nondescript,
          chequers_serial_rivers_micro_d
D:8:      layout_basic, kiku_gazebo_garden_becter,
          mainiacjoe_overflow_tiny_flanked, hellmonk_lair_entry_icy,
          gammafunk_ghost_hydra_chop
Temple:   nicolae_temple_bog_church

Skill      XL: |  1  2  3  4  5  6  7  8  9 10 |
---------------+-------------------------------+-----
Fighting       | 4 5 6 7 8 10 12 13 14 | 14.0
Dodging        | 2 3 |  3.2
Armour         | 5 |  5.7
Shields        | 5 |  5.6
Maces & Flails | |  2.1

Action                   |  1- 3 |  4- 6 |  7- 9 | 10-12 || total
-------------------------+-------+-------+-------+-------++-------
Melee: Flail             |    84 |       |       |       ||    84
       Rapier            |    11 |   106 |   294 |    54 ||   465
       Mace              |       |       |       |    23 ||    23
  Use: Scroll            |       |    15 |     4 |       ||    19
       Potion            |       |     1 |     1 |     4 ||     6
Armor: Scale mail        |    53 |    63 |   198 |    31 ||   345
Dodge: Dodged            |    44 |    44 |   157 |    42 ||   287
Block: Buckler           |    29 |    36 |    98 |    30 ||   193

Table legend: (Time is in decaauts)
 A = Elapsed time spent in this place.
 B = Non-inter-level travel time spent in this place.
 C = Inter-level travel time spent in this place.
 D = Time resting spent in this place.
 E = Time spent auto-exploring this place.
 F = Levels seen in this place.
 G = Mean time per level.
                   A        B        C        D        E       F      G
               +--------+--------+--------+--------+--------+-----+--------+
         Total |   7757 |   7547 |    210 |   1301 |   5005 |   9 |  861.9 |
       Dungeon |   7610 |   7408 |    202 |   1301 |   4882 |   8 |  951.2 |
        Temple |    146 |    138 |      8 |      0 |    123 |   1 |  146.0 |
               +--------+--------+--------+--------+--------+-----+--------+

Top non-repeatable levels by time:
     D:7: 1461 daAuts
     D:5: 1296 daAuts
     D:8: 1266 daAuts
     D:2: 1015 daAuts
     D:6: 742 daAuts
     D:4: 706 daAuts
     D:3: 621 daAuts
     D:1: 499 daAuts
  Temple: 146 daAuts
